 Dungeon Sprint DCSS version 0.29.1-2-gbd0b4ee654 (webtiles) character file.

Game seed: 6474116010787369414

1210 Zeld the Cleaver (level 8, -9/80 HPs)
             Began as a Minotaur Berserker on Oct 24, 2022.
             Was a Priest of Trog.
             Mangled by Sonja
             ... wielding a +0 short sword of distortion
              (18 damage)
             ... in the Dungeon (Sprint I: "Red Sonja").
             The game lasted 00:01:14 (1223 turns).

Zeld the Cleaver (Minotaur Berserker)               Turns: 1223, Time: 00:01:14

Health: -9/80      AC:  2    Str: 24    XL:     8   Next: 22%
Magic:  7/7        EV: 15    Int:  4    God:    Trog [***...]
Gold:   168        SH:  0    Dex: 10    Spells: 7/7 levels left

rFire   . . .      SeeInvis .   a - +0 hand axe
rCold   . . .      Faith    .   (no shield)
rNeg    . . .      Spirit   .   b - +0 animal skin
rPois   .          Reflect  .   (helmet restricted)
rElec   .          Harm     .   (no cloak)
rCorr   .          Rampage  .   (no gloves)
Will    ++...      NoTele   +   (no boots)
Stlth   +.........              (no amulet)
HPRegen 1.23/turn               (no ring)
MPRegen 0.10/turn               (no ring)

@: strong-willed, on berserk cooldown, regenerating, slowed, very slow
A: horns 2, retaliatory headbutt
a: Renounce Religion, Berserk, Trog's Hand


You were in the Dungeon.
You worshipped Trog.
Trog was most pleased with you.
You visited 1 branch You collected 459 gold pieces.
You spent 291 gold pieces at shops.

Inventory:

Hand Weapons
 a - a +0 hand axe (weapon)
Armour
 b - a +0 animal skin (worn)
Wands
 i - a wand of digging (5)
Scrolls
 h - 3 scrolls of blinking
 k - a scroll of immolation {unknown}
 l - a scroll of identify {unknown}
 m - a scroll of enchant weapon
Potions
 c - a potion of curing
 d - a potion of heal wounds
 e - a potion of haste
 f - 2 potions of magic
 g - a potion of berserk rage
 j - a potion of attraction {unknown}


   Skills:
 + Level 10.4 Fighting
 * Level 14.0 Axes
 + Level 10.1 Armour
 + Level 9.2 Dodging


You had 7 spell levels left.
You didn't know any spells.
Your spell library was empty.

Dungeon Overview and Level Annotations

Branches:
Dungeon (1/1)

Altars:
Cheibriados
Dithmenos
Elyvilon
Fedhas
Gozag
Hepliaklqana
Kikubaaqudgha
Makhleb
Nemelex Xobeh
Okawaru
Qazlal
Ru
Sif Muna
Trog
Uskayaw
Vehumet
Wu Jian
Xom
Yredelemnul
Zin
The Shining One
Jiyva
Lugonu

Shops:
D ?

Annotations:
D Sonja


Innate Abilities, Weirdness & Mutations

You have a pair of horns on your head.
You reflexively headbutt those who attack you in melee.


Message History

* * * LOW HITPOINT WARNING * * *
Sonja barely misses you.
You barely miss Sonja. Your headbutt misses Sonja.
Unknown command.
You slice Sonja!! Your headbutt misses Sonja.
Sonja is severely wounded.
Sonja casts a spell.
Sonja blinks!
Unknown command.
You miss Sonja.
Sonja is severely wounded.
Sonja casts a spell.
Sonja blinks!
Unknown command.
You feel a strong urge to attack something.
You see here a +0 leather armour.
You are no longer berserk.
You are exhausted.
You feel yourself slow down.
Sonja casts a spell.
Sonja blinks!
Okay, then.
Okay, then.
Your skin crawls.
You feel strong-willed.
Sonja casts a spell.
Sonja blinks!
Unknown command.
Unknown command.
You hit Sonja. Your headbutt misses Sonja.
Sonja is almost dead.
Sonja hits you with a +0 short sword of distortion!
* * * LOW HITPOINT WARNING * * *
Sonja completely misses you. Sonja hits you but does no damage.
Space warps around you.
* * * LOW HITPOINT WARNING * * *
Sonja hits you with a +0 short sword of distortion.
* * * LOW HITPOINT WARNING * * *
Space warps horribly around you!!
You die...

##########################
#<.#..').#..'§.#__#..')..#
#..)..#..').#..'..'..#)..#
#..#####'#####K#__####...+
#..####..#...#@#### #####
#..#__####..##[#
#..#_____##'#_.+
#⌠⌠#_.∩...†..._#
##.#_..__##_.#'#
#..#_____###'#.#
########## #.### $.$ $.$


You could see Sonja.

Vanquished Creatures
  2 kobold demonologists (D)
  A slime creature (D)
  Sigmund (D)
  A yak (D)
  A floating eye (D)
  An ogre (D)
  A jelly (D)
  Ijyb (D)
9 creatures vanquished.

Notes
Turn   | Place    | Note
-------+----------+-------------------------------------------
     0 | D        | Zeld the Minotaur Berserker began the quest for the Orb.
     0 | D        | Reached XP level 1. HP: 19/19 MP: 0/0
     1 | D        | Noticed Ijyb
    13 | D        | Killed Ijyb
    14 | D        | Reached skill level 5 in Axes
    14 | D        | Reached XP level 2. HP: 28/28 MP: 1/1
   470 | D        | Noticed an ogre
   474 | D        | Killed an ogre
   475 | D        | Reached skill level 7 in Axes
   475 | D        | Reached skill level 5 in Armour
   475 | D        | Reached XP level 3. HP: 37/37 MP: 2/2
   475 | D        | Reached XP level 4. HP: 44/44 MP: 3/3
   584 | D        | Noticed Sigmund
   589 | D        | Killed Sigmund
   589 | D        | Reached ** piety under Trog
   590 | D        | Reached skill level 10 in Axes
   590 | D        | Reached XP level 5. HP: 52/52 MP: 4/4
   590 | D        | Reached XP level 6. HP: 60/60 MP: 5/5
   692 | D        | Found a burning altar of Makhleb.
   692 | D        | Found a viscous altar of Jiyva.
   692 | D        | Found a shimmering altar of Xom.
   692 | D        | Found a corrupted altar of Lugonu.
   692 | D        | Noticed a slime creature
   698 | D        | Killed a slime creature
   699 | D        | Reached skill level 11 in Axes
   875 | D        | Noticed a kobold demonologist
   875 | D        | Noticed a floating eye
   876 | D        | Noticed a kobold demonologist
   878 | D        | Killed a floating eye
   879 | D        | Reached skill level 12 in Axes
   879 | D        | Reached XP level 7. HP: 70/70 MP: 6/6
   884 | D        | Noticed a sixfirhy
   884 | D        | Killed a kobold demonologist
   884 | D        | Reached *** piety under Trog
   885 | D        | Reached skill level 13 in Axes
   888 | D        | Noticed a ynoxinul
   888 | D        | Killed a kobold demonologist
   889 | D        | Reached skill level 10 in Fighting
   889 | D        | Reached XP level 8. HP: 79/79 MP: 7/7
  1087 | D        | Found an ornate altar of the Wu Jian Council.
  1087 | D        | Found a shimmering blue altar of Sif Muna.
  1089 | D        | Found a radiant altar of Vehumet.
  1134 | D        | Found Tilonkoil's Magic Scroll Emporium.
  1134 | D        | Found an ancient bone altar of Kikubaaqudgha.
  1134 | D        | Found a hazy altar of Hepliaklqana.
  1134 | D        | Found a stormy altar of Qazlal.
  1134 | D        | Found a hide-covered altar of Uskayaw.
  1134 | D        | Found a blossoming altar of Fedhas.
  1134 | D        | Found a bloodstained altar of Trog.
  1134 | D        | Found an iron altar of Okawaru.
  1134 | D        | Found a basalt altar of Yredelemnul.
  1134 | D        | Found a glowing golden altar of the Shining One.
  1134 | D        | Found a snail-covered altar of Cheibriados.
  1134 | D        | Found a sacrificial altar of Ru.
  1134 | D        | Found a glowing silver altar of Zin.
  1134 | D        | Found a shadowy altar of Dithmenos.
  1134 | D        | Found a white marble altar of Elyvilon.
  1140 | D        | Reached **** piety under Trog
  1141 | D        | Reached skill level 14 in Axes
  1141 | D        | Reached skill level 10 in Armour
  1141 | D        | Found an opulent altar of Gozag.
  1143 | D        | Found a sparkling altar of Nemelex Xobeh.
  1163 | D        | Bought a scroll of blinking for 97 gold pieces
  1163 | D        | Bought a scroll of blinking for 97 gold pieces
  1163 | D        | Bought a scroll of enchant weapon for 97 gold pieces
  1212 | D        | Noticed Sonja
  1223 | D        | Mangled by Sonja

Illustrated notes

Levels and vault maps discovered:
D:        dungeon_sprint_1 [red_sonja_temple_1, red_sonja_temple_small_1]

Skill      XL: |  1  2  3  4  5  6  7  8 |
---------------+-------------------------+-----
Fighting       | 4 6 7 9 10 | 10.4
Axes           | 5 7 10 12 13 14 | 14.0
Armour         | 3 5 7 8 9 10 | 10.1
Dodging        | 3 4 6 7 9 |  9.2

Action                   |  1- 3 |  4- 6 |  7- 9 || total
-------------------------+-------+-------+-------++-------
Melee: Hand axe          |    13 |     8 |    20 ||    41
       Headbutt          |     2 |     3 |     4 ||     9
Invok: Berserk           |     2 |     3 |     2 ||     7
       Trog's Hand       |       |       |     1 ||     1
Evoke: Wand              |     1 |       |       ||     1
Armor: Animal skin       |     1 |       |     2 ||     3
Dodge: Dodged            |     4 |     4 |     5 ||    13
